Zazza, neutral female human Monk ----- --- --- -----.|.------.------ -------- ---.-- ---...................| |......----....| |.....---....---..---.--- |..--........*-- --....|--.--.| ---- |...-- |.--|..----)*.| ---..--.-- ---..-- |.| ---- |...------ |.....| |...| |.| ---..--..-- |.).).| --.-- |.| |....)... --.-..| |.| |.| -.......... |...-- |.| --.| |..|......... ---.--- |.--|..-- -----........ |^..| |...|...| |......... ---... ---.--.-- ---..[.... .|.I... |...... ----..... ...I^I.. ---.-- ------).... ....II.. -. |...[).)... ....... ---[----..... ..-- --|...| ---)-- |<|.--- --- |...| ----- Zazza the Novice Experience level: 4 Strength: 16 Dexterity: 12 Constitution: 12 Intelligence: 15 Wisdom: 11 Charisma: 9 Health: 0(32) Energy: 18(18) Def: 6 Gold: 785 Moves: 1303 Dungeon seed: tijbFlisBTSH0P1f Game ID: Zazza_1564593556 Your Inventory: Coins $ - 785 gold pieces Weapons t - a +0 elven dagger y - 22 +2 darts Armor e - an uncursed +2 pair of leather gloves (being worn) n - a blessed +1 robe (being worn) Comestibles d - 6 uncursed food rations f - 8 uncursed apples g - 5 uncursed oranges h - 4 uncursed fortune cookies J - a cursed egg K - 5 cursed food rations M - a cursed tripe ration Potions c - 3 uncursed potions of healing j - 2 uncursed potions of monster detection l - an uncursed potion of restore ability w - an uncursed potion of gain ability Rings s - an uncursed ring of sustain ability (on left hand) Wands C - a cursed wand of light (0:13) Tools N - a cursed credit card O - a cursed expensive camera (0:34) P - a +0 pick-axe Q - an uncursed tin whistle S - an uncursed partly used wax candle (lit) (0:291) Gems q - an uncursed worthless piece of yellowish brown glass Spells and supernatural/magical abilities: Name Level Category Fail Memory f - fireball 4 attack 88% 96% p - protection 1 clerical 0% 94% W - pray for help -- divine ? -- Your skills at the end: Fighting Skills martial arts [Basic] Weapon Skills Spellcasting Skills healing spells [Basic] Final Attributes: You were piously aligned. You were sleep resistant. You were poison resistant. You were blinded. You saw invisible. You were fast. You had fixed abilities. You are dead. Vanquished creatures: a ghost a gnome lord 3 dwarves an iguana a hobbit a green mold a red mold 8 gnomes 2 jackals a fox a sewer rat 3 lichens 4 newts 28 creatures vanquished. Voluntary challenges: You followed a strict vegan diet. You never hit with a wielded weapon. You read items or engraved 13 times, starting on turn 311. You never genocided any monsters. You never polymorphed an object. You never changed form. You used no wishes. You never split a pudding. You wrote Elbereth's name 1 time, starting on turn 1125. You never violated your personal moral code. Dungeon overview: The Dungeons of Doom: levels 1 to 3 Level 1 a long staircase Level 2 some altars to Shan Lai Ching and Chih Sung-tzu Level 3 an armor shop stairs to The Gnomish Mines The Gnomish Mines: Level 4 <- You were here stairs to The Dungeons of Doom History has recorded: On T:1 you entered the Dungeons of Doom to retrieve the Amulet of Yendor! On T:295 you reached level 2 of The Dungeons of Doom. On T:595 you reached level 3 of The Dungeons of Doom. On T:756 you advanced to experience level 2. On T:970 you reached level 1 of The Gnomish Mines. On T:1024 you advanced to experience level 3. On T:1044 you advanced to experience level 4. Score breakdown: Gold: 785 ( 9849 points) Experience: 4 levels ( 9649 points) Exploration: 4 levels ( 8.16%) ( 7500 points) Discoveries: 6 items ( 2.14%) ( 4391 points) Valuables value: (no points given unless you survive) Artifact value: 0 ( 0 points) Variety of kills: 13 monsters ( 3.41%) ( 5541 points) Turncount: 1303 turns ( 0 points) Survival: died (score multiplied by 80%) Total score: 29544 Latest messages: Armand eats a gnome lord corpse. You displace Armand. There are a few objects here. You displace Armand. There are a few objects here. You displace Armand. You feel like someone is helping you. You suddenly yearn for your distant homeland. You escape a magic trap. (3x) You displace Armand. You are momentarily blinded by a flash of light! You hear some noises. Wait! There's something there you can't see! It bites! It hits! It bites! A shiver runs up and down your spine! It hits! You hear a deafening roar! Wait! There's something there you can't see! It bites! It hits! It bites! You die... Final status: Goodbye Zazza the Monk, killed by a rock mole... You died in The Gnomish Mines on dungeon level 4 with 29544 points, and 785 pieces of gold, after 1303 moves. You were level 4 with a maximum of 32 hit points when you died.